 Dungeon Crawl Stone Soup version 0.27.1-37-g7b29ead8ac (console) character file.

Game seed: 12387725204539905567

1248 grimtooth the Basher (level 8, -1/67 HPs)
             Began as a Naga Warper on Mar 22, 2023.
             Was an Initiate of Hepliaklqana.
             Shot with a sling bullet by Joseph (5 damage)
             ... on level 8 of the Dungeon.
             The game lasted 00:37:57 (5946 turns).

grimtooth the Basher (Naga Warper)                  Turns: 5946, Time: 00:37:57

Health: -1/67      AC:  4    Str: 15    XL:     8   Next: 50%
Magic:  10/11      EV:  9    Int: 14    God:    Hepliaklqana [......]
Gold:   198        SH:  0    Dex: 11    Spells: 9/11 levels left

rFire    . . .     SeeInvis +   a - +0 mace
rCold    . . .     Faith    .   (no shield)
rNeg     + . .     Spirit   .   F - +0 leather armour
rPois    +         Reflect  .   (no helmet)
rElec    .         Harm     .   (no cloak)
rCorr    .         Rampage  .   (no gloves)
Will     ++...                  (no barding)
Stlth    +++.......             h - amulet of regeneration
HPRegen  1.21/turn              x - ring of willpower
MPRegen  0.12/turn              C - ring of positive energy

@: very slightly contaminated, invisible (expiring), very slow
A: AC +2, large, see invisible, deformed body, poison resistance, slowness 2,
spit poison 1, naga tail 1
a: Spit Poison, Renounce Religion


You were on level 8 of the Dungeon.
You worshipped Hepliaklqana.
Hepliaklqana was noncommittal.
You visited 1 branch of the dungeon, and saw 8 of its levels.
You also visited: Sewer.

You collected 198 gold pieces.

Inventory:

Hand Weapons
 a - a +0 mace (weapon)
 b - a +0 flail
 k - a +4 spear of venom
 w - a +0 whip of freezing
Missiles
 j - 13 sling bullets
 n - 64 stones (quivered)
 B - 2 boomerangs
Armour
 F - a +0 leather armour (worn)
Magical Staves
 z - a staff of death
Jewellery
 h - an amulet of regeneration (around neck)
 x - a ring of willpower (left hand)
 C - a ring of positive energy (right hand)
Wands
 f - a wand of flame (7)
 A - a wand of charming (2)
 E - a wand of acid (4)
Scrolls
 c - a scroll of blinking
 g - a scroll of silence {unknown}
 o - 2 scrolls of fog {unknown}
 q - a scroll of acquirement {unknown}
 r - a scroll of vulnerability {unknown}
 s - a scroll of holy word {unknown}
 u - a scroll of amnesia {unknown}
 v - 2 scrolls of magic mapping {unknown}
 y - a scroll of immolation {unknown}
Potions
 e - a potion of mutation {unknown}
 i - 2 potions of flight
 l - a potion of curing
 p - a potion of haste {unknown}
 t - a potion of brilliance {unknown}
 D - a potion of might {unknown}


   Skills:
 - Level 2.0 Fighting
 * Level 8.6 Maces & Flails
 - Level 0.8 Throwing
 - Level 0.7 Armour
 - Level 1.5 Dodging
 - Level 6.0 Stealth
 - Level 2.0 Spellcasting
 + Level 4.7 Translocations


You had 9 spell levels left.
You knew the following spells:

 Your Spells              Type           Power      Damage    Failure   Level
k - Blink                 Tloc           N/A        N/A       6%          2

Your spell library contained the following spells:

 Spells                   Type           Power      Damage    Failure   Level
 Gell's Gravitas          Tloc           7%         N/A       13%         3
 Lesser Beckoning         Tloc           7%         N/A       13%         3
 Teleport Other           Tloc           14%        N/A       13%         3
 Beastly Appendage        Tmut           2%         N/A       28%         1
 Ensorcelled Hibernation  Hex/Ice        2%         N/A       41%         2
 Wereblood                Tmut           1%         N/A       41%         2
 Spider Form              Tmut/Pois      0%         N/A       65%         3
 Manifold Assault         Tloc           14%        N/A       75%         5
 Shadow Creatures         Summ           N/A        N/A       100%        6


Dungeon Overview and Level Annotations

Branches:
Dungeon (9/15)              Sewer (visited)
 Temple: D:4-7         Lair: D:8-11         Orc: D:9-12

Altars:
Elyvilon
Hepliaklqana
Makhleb
Ru
Sif Muna
Wu Jian

Annotations:
D:4 Dowan, Duvessa
D:8 Joseph
D:9 exclusions: centaur and troll


Innate Abilities, Weirdness & Mutations

Your serpentine skin is tough. (AC +2)
You have supernaturally acute eyesight. (SInv)
Armour fits poorly on your strangely shaped body.
Your system is resistant to poisons. (rPois)
You cover ground very slowly.
You can spit poison.
You have a snake-like lower body.


Message History

Confirm with . or Enter, or press ? or * to list all spells.
You blink.
The kobold throws a stone.
The stone hits you.
* * * LOW HITPOINT WARNING * * *
Unknown command.
A kobold brigand comes into view.
It is wielding a +0 dagger of venom and quivering poisoned darts.
You have got your breath back.
The kobold shouts!
Joseph is no longer moving slowly.
Press: ? - help, v - describe, . - travel
Here: Joseph, wielding a +2 hunting sling of freezing, wearing a +0 ring mail, quivering sling bullets and carrying a wand of digging (5) (moderately wounded, very poisoned, covered in acid)
The floor.
A kobold comes into view. It is wielding a +0 dagger.
Press: ? - help, v - describe, . - travel
Here: Joseph, wielding a +2 hunting sling of freezing, wearing a +0 ring mail, quivering sling bullets and carrying a wand of digging (5) (heavily wounded, wandering, very poisoned, covered in acid, hasn't noticed you)
The floor.
You flicker for a moment.
As you open the door, it creaks loudly!
You hear a shout! x3
You hear a bellow!
You hear a shout!
Joseph is no longer covered in acid.
Found a stone staircase leading up.
There is an open door here.
A yak comes into view.
Joseph shoots a sling bullet.
The sling bullet closely misses you.
Joseph shoots a sling bullet.
The sling bullet hits you.
* * * LOW HITPOINT WARNING * * *
The sling bullet freezes you.
* * * LOW HITPOINT WARNING * * *
The yak moves out of view.
Aiming: Corrosive Bolt
Press: ? - help, Shift-Dir - straight line, p - Joseph The bolt of acid hits the kobold!
The kobold is splashed with acid.
The acid corrodes the kobold!
You kill the kobold!
The bolt of acid hits Joseph.
Joseph is splashed with acid.
The acid corrodes Joseph!
Joseph is heavily wounded.
Joseph shoots a sling bullet.
The sling bullet hits you!
* * * LOW HITPOINT WARNING * * *
The sling bullet freezes you.
You die...

#####+##
#......# #
#......# ..
#......# #<###
#......###......
#......'@....#
###...(..###.###
......@).# #
.##......#
#......#
#......#
KK......[##
.........#
.....##### #.###
#


You could see Joseph (poisoned, corroded).

Vanquished Creatures
  Purgy (D:3)
  2 necrophages
  A black bear (D:5)
  A kobold brigand (Sewer)
  A gnoll sergeant (D:9)
  2 scorpions (D:5)
  A bullfrog zombie (D:3)
  3 hounds
  3 jellies
  A centaur zombie (D:9)
  A scorpion zombie (D:5)
  A centaur skeleton (D:6)
  An iguana (D:5)
  2 orc wizards (D:4)
  A killer bee zombie (D:5)
  A hound skeleton (D:5)
  A howler monkey skeleton (D:5)
  6 adders
  2 gnolls (D:9)
  4 river rats
  A worm (D:4)
  3 dart slugs
  12 orcs
  10 endoplasms
  8 giant cockroaches
  6 goblins
  5 hobgoblins
  10 jackals
  7 kobolds
  5 quokkas
  12 ball pythons
  2 bats (D:2)
  4 frilled lizards
  14 rats
135 creatures vanquished.

Vanquished Creatures (others)
  A kobold (D:3)
1 creature vanquished.

Grand Total: 136 creatures vanquished

Notes
Turn   | Place    | Note
-------+----------+-------------------------------------------
     0 | D:1      | grimtooth the Naga Warper began the quest for the Orb.
     0 | D:1      | Reached XP level 1. HP: 19/19 MP: 3/3
   240 | D:1      | Reached skill level 1 in Stealth
   240 | D:1      | Reached XP level 2. HP: 18/26 MP: 5/5
   888 | D:1      | Reached skill level 3 in Maces & Flails
   889 | D:1      | Reached XP level 3. HP: 28/32 MP: 6/6
  1217 | D:2      | Found an ornate altar of the Wu Jian Council.
  1489 | D:2      | Reached XP level 4. HP: 32/39 MP: 7/7
  1592 | D:2      | Reached skill level 4 in Maces & Flails
  1717 | D:2      | Found a faded altar of an unknown god.
  1873 | D:2      | Learned a level 2 spell: Blink
  2293 | D:3      | Reached XP level 5. HP: 45/45 MP: 8/8
  2488 | D:3      | Found a white marble altar of Elyvilon.
  2780 | D:3      | Noticed Purgy
  3133 | D:3      | Found a sacrificial altar of Ru.
  3484 | D:4      | Reached skill level 5 in Maces & Flails
  3542 | D:4      | Noticed Duvessa
  3542 | D:4      | Noticed Dowan
  3578 | D:4      | Found a glowing drain.
  3591 | D:4      | Reached XP level 6. HP: 27/52 MP: 9/9
  3608 | Sewer    | Entered a sewer
  3755 | Sewer    | Found a white marble altar of Elyvilon.
  3878 | D:4      | Reached skill level 6 in Maces & Flails
  4070 | D:4      | Noticed a necrophage
  4092 | D:4      | Killed a necrophage
  4093 | D:4      | Reached XP level 7. HP: 57/60 MP: 10/10
  4365 | D:4      | Found a burning altar of Makhleb.
  4365 | D:4      | Found a shimmering blue altar of Sif Muna.
  4492 | D:5      | Entered Level 5 of the Dungeon
  4652 | D:5      | Found a hazy altar of Hepliaklqana.
  4797 | D:5      | Reached skill level 7 in Maces & Flails
  4901 | D:5      | Reached skill level 5 in Stealth
  5224 | D:5      | Reached XP level 8. HP: 59/67 MP: 11/11
  5394 | D:3      | Killed Purgy
  5395 | D:3      | Reached skill level 8 in Maces & Flails
  5472 | D:5      | Became a worshipper of Hepliaklqana the Forgotten
  5643 | D:6      | You fall into a shaft and drop 3 floors!
  5920 | D:9      | Noticed a troll
  5923 | D:9      | Noticed a shadow
  5930 | D:8      | Noticed Joseph
  5931 | D:8      | - this guy
  5945 | D:8      | Noticed a yak
  5946 | D:8      | Shot with a sling bullet by Joseph

Illustrated notes

#####+##
#......#
#......#
#......#
#.....@#
#......+
#...@..#
........#
##......#
#......#
#......#
.....[##


Turn 5931 on D:8: - this guy

Levels and vault maps discovered:
D:1:      dpeg_arrival_lava_altar, layout_rooms, minmay_pentomino_r4
D:2:      layout_basic, basic_altar, chequers_ecumenical_altar_simple_redux
D:3:      layout_loops_corners, lemuel_round_altar, elyvilon_altar_4, uniq_purgy
D:4:      layout_cave_pools, gammafunk_temple_overflow_statue,
          portal_sewer_entry_a, minmay_misc_feat_five, uniq_duvessa
D:5:      layout_cave_pods, mainiacjoe_overflow_concentric_impassable
D:6:      layout_loops_ring, uniq_pikel
D:8:      layout_basic, minmay_hollow_rounded_squares, uniq_psyche, uniq_grum,
          uniq_joseph
D:9:      layout_cave_pools, serial_gnoll_camp, gnoll_camp_mini_doghouse,
          gnoll_camp_mini_basic, gnoll_camp_mini_loothouse,
          gnoll_camp_mini_basic, grums_kennel, gnoll_camp_mini_house

Skill      XL: |  1  2  3  4  5  6  7  8 |
---------------+-------------------------+-----
Stealth        | 1 2 3 4 5 6 |  6.0
Maces & Flails | 3 4 5 6 7 8 |  8.6
Translocations | 4 |  4.7
Fighting       | |  2.0
Throwing       | |  0.8
Armour         | |  0.7
Dodging        | |  1.5
Spellcasting   | |  2.0

Action                   |  1- 3 |  4- 6 |  7- 9 || total
-------------------------+-------+-------+-------++-------
Melee: Mace              |   102 |   154 |   149 ||   405
       Whip              |       |       |    30 ||    30
Throw: Boomerang         |     3 |     2 |       ||     5
       Stone             |     1 |    33 |    35 ||    69
       Dart              |       |       |     2 ||     2
 Cast: Blink             |       |     1 |     1 ||     2
 Abil: Spit Poison       |    15 |    47 |    21 ||    83
Evoke: Wand              |     2 |    10 |     5 ||    17
  Use: Scroll            |       |     4 |       ||     4
       Potion            |       |     4 |     3 ||     7
 Stab: Sleeping          |       |     1 |     1 ||     2
       Confused          |       |     1 |       ||     1
Armor: Leather armour    |    48 |    54 |    53 ||   155
Dodge: Dodged            |    48 |    99 |    86 ||   233
